Map: 回聲 - 天梯版(虛空之遺)

Players

TYTY (TY) - Winner!

  • Race: Terran Terran
  • League: Diamond
  • Spawn Location: 5:00

Jim

  • Race: Protoss Protoss
  • Spawn Location: 11:00

Event: WESG 2016 Finals

VOD

Have the link to the VOD?

Description

Time

  • Played on: Jan. 13, 2017, 12:30 a.m.
  • Length: 12:53

All games in this series

Show
View Real Time Build Order
Export as new Build Order

TYTY Terran - Winner!

Build Orders: Command Center First (CC), MMM Bio 

Get SALT Encoding   

  12  0:00  SCV  
  13  0:12  SCV  
  14  0:17  Supply Depot  
  14  0:24  SCV  
  15  0:39  SCV  
  16  0:51  SCV  
  17  0:58  Command Center  
  17  1:03  SCV  
  18  1:12  Barracks  
  18  1:15  SCV  
  19  1:26  Barracks  
  19  1:30  SCV  
  20  1:42  Barracks  
  20  1:43  SCV  
  21  1:59  Orbital Command, Marine  
  22  2:10  Orbital Command  
  22  2:13  Marine  
  23  2:17  Marine  
  24  2:24  Refinery  
  24  2:25  SCV  
  24  2:26  Refinery  
  25  2:30  Marine  
  25  2:31  Marine  
  25  2:34  Marine  
  29  2:37  SCV  
  29  2:38  SCV  
  30  2:48  Supply Depot  
  30  2:49  SCV  
  30  2:50  SCV  
  30  2:51  Marine x2  
  32  2:54  Barracks Tech Lab  
  34  3:01  SCV  
  34  3:02  SCV  
  36  3:06  Engineering Bay  
  36  3:10  Marine x2  
  38  3:14  Stimpack  
  38  3:15  SCV x2  
  38  3:18  Marine  
  41  3:22  Supply Depot  
  41  3:27  SCV  
  41  3:28  SCV  
  41  3:29  Barracks Reactor  
  41  3:30  Barracks Reactor  
  41  3:34  Missile Turret  
  43  3:38  Marine  
  43  3:39  SCV  
  44  3:43  SCV  
  45  3:51  SCV  
  45  3:52  Factory  
  45  3:55  SCV  
  47  3:59  Supply Depot  
  47  4:03  SCV, Refinery  
  47  4:05  Marine x2  
  47  4:06  Marine  
  47  4:07  Terran Infantry Weapons Level 1, SCV  
  47  4:09  Marine  
  53  4:10  Marine  
  54  4:21  SCV x2  
  54  4:22  Supply Depot x2  
  56  4:29  Marine x3  
  59  4:31  Bunker  
  59  4:33  Marine x2, SCV  
  62  4:39  SCV  
  62  4:40  Factory Reactor  
  62  4:41  Starport  
  63  4:45  SCV  
  63  4:49  Marine x3  
  63  4:51  Marauder  
  69  4:52  SCV  
  69  4:58  Supply Depot  
  69  5:00  Marine  
  69  5:02  Supply Depot  
  70  5:07  Marine x2  
  70  5:10  Marine  
  70  5:13  Marauder  
  75  5:14  Combat Shields  
  75  5:18  Marine  
  75  5:19  Supply Depot  
  76  5:23  Medivac  
  76  5:24  Medivac  
  76  5:25  Marine  
  82  5:29  Factory Reactor  
  82  5:32  Marine x2  
  84  5:37  Marauder, Marine  
  85  5:43  Marine  
  86  5:50  Marine x2  
  86  5:55  Medivac  
  90  5:58  Medivac  
  90  5:59  Command Center  
  90  6:01  Refinery  
  90  6:02  Marine x3  
  95  6:05  Widow Mine x2  
  95  6:08  Marine  
  100  6:13  SCV x2  
  96  6:28  SCV  
  96  6:29  Medivac  
  96  6:32  Marine  
  101  6:33  Marauder  
  101  6:35  Marine  
  101  6:36  Marine  
  102  6:45  Liberator  
  102  6:46  Marine  
  102  6:47  Supply Depot  
  102  6:48  Supply Depot  
  102  6:50  Marine  
  98  6:58  SCV x2  
  101  7:09  Barracks x2  
  101  7:11  Marine x4  
  101  7:12  Supply Depot x2, Marauder, Liberator  
  101  7:13  Orbital Command  
  107  7:16  Missile Turret  
  107  7:22  SCV x2  
  109  7:27  Terran Infantry Armor Level 1  
  112  7:34  SCV x2  
  114  7:38  Missile Turret  
  114  7:40  Starport, SCV  
  114  7:42  Liberator  
  115  7:45  Marine x4  
  115  7:46  SCV x2  
  121  7:53  SCV  
  121  7:57  Liberator  
  122  7:58  SCV x2  
  122  8:01  Marauder, Barracks Tech Lab x2  
  122  8:03  Supply Depot, Refinery  
  122  8:04  Refinery  
  122  8:05  SCV  
  130  8:07  Missile Turret  
  130  8:10  SCV x2  
  132  8:13  Supply Depot  
  134  8:22  Marauder  
  136  8:28  Viking x2  
  136  8:29  Marine x3  
  136  8:30  Supply Depot, Marine x2  
  143  8:42  Viking  
  143  8:47  Marine  
  151  8:55  Armory  
  151  8:57  Engineering Bay, Viking  
  151  8:58  Viking  
  151  9:00  Viking  
  150  9:04  SCV x2  
  150  9:05  SCV  
  153  9:11  Marauder x2  
  153  9:12  Viking  
  153  9:15  Marine x4  
  153  9:16  Supply Depot  
  163  9:17  Marine  
  164  9:27  Viking  
  164  9:28  Viking  
  168  9:32  Marauder x2  
  168  9:33  Marine  
  168  9:37  Supply Depot, Command Center, Viking  
  175  9:43  Terran Infantry Armor Level 2, Terran Infantry Weapons Level 2  
  175  9:49  Marauder, Marine x2  
  175  9:50  Marine  
  175  9:52  Viking  
  181  9:59  Marauder  
  183  10:00  Marine x2  
  151  10:12  Marauder, Marine x2  
  156  10:19  Marauder, Marine x2  
  156  10:20  Marauder  
  162  10:21  Terran Ship Weapons Level 1  
  162  10:23  Medivac x2  
  162  10:24  Medivac  
  162  10:26  SCV x2  
  164  10:31  Viking  
  164  10:32  Marine x2  
  164  10:33  Marauder  
  167  10:40  Marauder, Marine x2  
  167  10:42  Marauder  
  173  10:47  Ghost Academy  
  173  10:48  Supply Depot  
  175  10:57  Marine x2  
  175  11:00  SCV  
  175  11:03  Refinery  
  181  11:04  Missile Turret  
  173  11:11  Marine x2  
  173  11:14  Planetary Fortress  
  173  11:15  Marine  
  173  11:16  Ghost x3  
  173  11:17  Marine  
  183  11:23  Viking x3  
  189  11:26  Viking  
  189  11:30  Marine x2  
  193  11:37  Marine x2, Refinery  
  195  11:45  Marine  
  195  11:46  Marauder x2  
  200  11:57  Barracks  
  200  11:58  Barracks  
  200  12:04  Command Center  
  190  12:17  Marauder x2, Marine x3  
  150  12:46  Barracks Reactor, Barracks Tech Lab  
Show
View Real Time Build Order
Export as new Build Order

Jim Protoss 

Build Orders: 1 Gate Expand, Blink Stalkers, Colossus Rush 

Get SALT Encoding   

  12  0:00  Probe (Chrono Boost)  
  13  0:11  Probe (Chrono Boost)  
  14  0:17  Pylon  
  14  0:22  Probe (Chrono Boost)  
  15  0:35  Probe (Chrono Boost)  
  16  0:37  Gateway  
  16  0:42  Assimilator  
  16  0:46  Probe (Chrono Boost)  
  17  0:56  Probe (Chrono Boost)  
  18  1:07  Probe (Chrono Boost)  
  19  1:18  Nexus  
  19  1:29  Cybernetics Core  
  19  1:30  Probe (Chrono Boost)  
  20  1:37  Assimilator  
  20  1:41  Probe (Chrono Boost)  
  20  1:46  Pylon  
  21  1:52  Probe (Chrono Boost)  
  22  2:02  Adept  
  22  2:03  Probe (Chrono Boost)  
  22  2:05  Warp Gate  
  25  2:15  Probe (Chrono Boost)  
  26  2:23  Robotics Facility  
  26  2:26  Probe (Chrono Boost)  
  27  2:30  Probe (Chrono Boost)  
  27  2:37  Probe (Chrono Boost)  
  29  2:41  Probe (Chrono Boost), Twilight Council  
  30  2:47  Probe (Chrono Boost)  
  31  2:51  Probe (Chrono Boost)  
  31  2:58  Probe (Chrono Boost)  
  33  3:02  Probe (Chrono Boost)  
  34  3:07  Gateway x2  
  34  3:08  Observer  
  34  3:09  Probe (Chrono Boost)  
  34  3:12  Probe (Chrono Boost), Blink  
  37  3:21  Probe (Chrono Boost)  
  37  3:23  Probe (Chrono Boost)  
  37  3:25  Pylon  
  39  3:33  Probe (Chrono Boost)  
  39  3:34  Probe (Chrono Boost), Assimilator  
  41  3:36  Observer  
  41  3:40  Assimilator  
  42  3:44  Probe (Chrono Boost)  
  42  3:46  Probe (Chrono Boost)  
  44  3:52  Pylon  
  44  3:55  Probe (Chrono Boost)  
  45  3:58  Probe (Chrono Boost)  
  46  4:04  Observer  
  46  4:05  Probe (Chrono Boost)  
  49  4:10  Probe (Chrono Boost)  
  49  4:12  Pylon  
  49  4:15  Robotics Bay  
  49  4:16  Probe (Chrono Boost)  
  50  4:20  Warp Prism  
  50  4:26  Stalker x2  
  50  4:30  Stalker  
  57  4:41  Nexus  
  57  4:42  Pylon  
  57  4:47  Probe (Chrono Boost)  
  60  4:53  Mothership Core (Chrono Boost)  
  60  4:54  Colossus  
  60  4:57  Probe (Chrono Boost)  
  61  5:00  Extended Thermal Lance  
  67  5:08  Probe (Chrono Boost)  
  67  5:13  Probe (Chrono Boost)  
  69  5:18  Pylon  
  69  5:21  Probe (Chrono Boost)  
  70  5:25  Probe (Chrono Boost)  
  70  5:26  Forge  
  70  5:28  Forge  
  71  5:31  Adept x2  
  71  5:34  Adept  
  77  5:44  Gateway  
  77  5:45  Colossus  
  77  5:46  Gateway  
  77  5:55  Sentry  
  85  5:58  Adept  
  85  6:02  Probe (Chrono Boost), Pylon  
  89  6:05  Probe (Chrono Boost)  
  89  6:06  Probe (Chrono Boost)  
  89  6:07  Protoss Ground Weapons Level 1  
  90  6:13  Probe (Chrono Boost)  
  90  6:14  Sentry  
  90  6:17  Gateway  
  89  6:19  Sentry  
  89  6:20  Adept  
  91  6:28  Probe x2 (Chrono Boost)  
  91  6:31  Probe (Chrono Boost)  
  94  6:42  Adept  
  94  6:43  Adept x2  
  99  6:47  Colossus  
  99  6:51  Probe x2 (Chrono Boost)  
  99  6:53  Protoss Ground Armor Level 1  
  100  6:57  Probe (Chrono Boost)  
  100  7:00  Assimilator  
  101  7:02  Pylon  
  101  7:03  Pylon  
  101  7:04  Pylon  
  101  7:06  Gateway  
  101  7:07  Gateway  
  101  7:14  Pylon  
  101  7:20  Probe (Chrono Boost)  
  101  7:22  Probe x2 (Chrono Boost)  
  104  7:26  Adept x5  
  104  7:28  Adept  
  116  7:32  Photon Cannon  
  116  7:34  Probe (Chrono Boost)  
  116  7:36  Colossus, Pylon  
  117  7:37  Pylon  
  117  7:41  Probe (Chrono Boost)  
  124  7:53  Stalker  
  124  7:54  Stalker x3  
  124  7:58  Assimilator  
  134  7:59  Probe x2 (Chrono Boost)  
  134  8:02  Stalker  
  134  8:03  Stalker  
  139  8:06  Probe (Chrono Boost)  
  139  8:22  Adept x2  
  139  8:23  Adept x3  
  139  8:26  Pylon  
  149  8:27  Photon Cannon, Pylon  
  149  8:31  Protoss Ground Weapons Level 2  
  149  8:32  Protoss Ground Armor Level 2  
  149  8:34  Resonating Glaives  
  149  8:43  Immortal  
  149  8:46  Nexus  
  151  8:48  Pylon  
  150  9:04  Adept x5  
  160  9:11  Pylon  
  160  9:12  Pylon  
  160  9:21  Pylon  
  160  9:23  Immortal  
  164  9:42  Gateway  
  164  9:43  Gateway  
  164  9:45  Stalker x3  
  168  9:46  Stalker, Adept  
  168  9:47  Adept x2  
  124  10:09  Stalker x4  
  124  10:10  Stalker  
  124  10:12  Stalker  
  124  10:13  Stalker  
  132  10:15  Probe (Chrono Boost)  
  132  10:18  Probe (Chrono Boost)  
  132  10:19  Probe (Chrono Boost)  
  129  10:23  Probe (Chrono Boost)  
  130  10:34  Probe (Chrono Boost)  
  128  10:40  Probe x2 (Chrono Boost)  
  128  10:41  Sentry x2  
  128  10:42  Sentry  
  136  10:43  Stalker  
  136  10:47  Stalker  
  136  10:53  Probe (Chrono Boost)  
  136  10:54  Probe x3 (Chrono Boost)  
  140  10:59  Stalker  
  142  11:07  Stalker  
  142  11:08  Stalker  
  146  11:12  Stalker  
  146  11:14  Adept  
  150  11:20  Sentry  
  150  11:21  Sentry  
  150  11:24  Stalker  
  150  11:25  Adept  
  158  11:32  Adept x2  
  162  11:34  Stalker  
  162  11:37  Adept  
  166  11:47  Stalker x2  
  166  11:50  Stalker  
  172  11:54  Warp Prism  
  174  12:09  Templar Archives  
  164  12:17  Adept x6  
  164  12:20  Adept  
  178  12:23  Adept  
  159  12:36  Adept x2  
  159  12:37  Adept x2  
  87  12:47  Adept x4  
Tags
 
Add a new tag
Caveats
  • Supply blocks, unpowered buildings, or Contaminate may cause inaccurate times.
  • Supply counts are checked every 10 seconds.